 Dungeon Crawl Stone Soup version 0.32-a0-43-g058985b245 (webtiles) character file.

Game seed: 5002269120039434030

168 Atlas the Firebug (level 5, 0/35 HPs)
             Began as a Demonspawn Fire Elementalist on Feb 5, 2024.
             Slain by a gnoll
             ... wielding a +0 spear
              (2 damage)
             ... on level 3 of the Dungeon.
             The game lasted 00:04:17 (3522 turns).

Atlas the Firebug (Demonspawn Fire Elementalist)    Turns: 3522, Time: 00:04:18

Health: 0/35       AC: 11    Str:  8    XL:     5   Next: 23%
Magic:  7/9        EV: 10    Int: 18    God:
Gold:   125        SH:  0    Dex: 13    Spells: 3/10 levels left

rFire   . . .        p - +1 whip (elec)
rCold   . . .        (no shield)
rNeg    . . .        c - quicksilver dragon scales
rPois   .            (no helmet)
rElec   .            (no cloak)
rCorr   +            q - +0 pair of gloves
SInv    .            v - +0 pair of boots
Will    +....        a - amulet of magic regeneration
Stlth   +            k - ring of resist corrosion
HPRegen 0.25/turn    (no ring)
MPRegen 0.51/turn

%: no passive effects
@: no status effects
A: powered by death 1, spiny 1
a: no special abilities


You were on level 3 of the Dungeon.
You visited 1 branch of the dungeon, and saw 3 of its levels.

You collected 125 gold pieces.

Inventory:

Hand Weapons
 p - a +1 whip of electrocution (weapon)
Armour
 c - quicksilver dragon scales (worn)
 q - a +0 pair of gloves (worn)
 u - a +3 leather armour
 v - a +0 pair of boots (worn)
Jewellery
 a - an amulet of magic regeneration (around neck)
 k - a ring of resist corrosion (left hand)
Scrolls
 d - 4 scrolls of identify {unknown}
 f - a scroll of fog {unknown}
 g - 2 scrolls of revelation {unknown}
 h - a scroll of amnesia {unknown}
 j - 2 scrolls of silence {unknown}
 l - a scroll of immolation {unknown}
 m - a scroll of noise {unknown}
 t - 2 scrolls of fear {unknown}
Potions
 b - a potion of magic
 e - a potion of berserk rage {unknown}
 i - a potion of invisibility {unknown}
 n - a potion of attraction {unknown}
 o - 2 potions of curing {unknown}
 r - a potion of haste {unknown}
 s - 2 potions of heal wounds {unknown}


   Skills:
 + Level 1.2 Armour
 + Level 2.1 Dodging
 + Level 2.0 Stealth
 + Level 0.1 Unarmed Combat
 + Level 3.0 Spellcasting
 + Level 2.0 Conjurations
 + Level 3.9 Fire Magic


You had 3 spell levels left.
You knew the following spells:

 Your Spells              Type           Power      Damage    Failure   Level
a - Scorch                Fire           32%        2d6       14%         2
b - Foxfire               Conj/Fire      52%        2x1d6     14%         1
c - Flame Wave            Conj/Fire      13%        2d6       82%         4

Your spell library contained the following spells:

 Spells                   Type           Power      Damage    Failure   Level
 Inner Flame              Hex/Fire       9%         N/A       54%         3
 Volatile Blastmotes      Fire/Tloc      18%        2d11      54%         3
 Mercury Vapours          Alch/Air       4%         N/A       58%         2
 Mephitic Cloud           Conj/Alch/Air  5%         N/A       73%         3
 Freezing Cloud           Conj/Ice/Air   2%         6-21      100%        5


Dungeon Overview and Level Annotations

Branches:
Dungeon (3/15)

Altars:
Makhleb


Innate Abilities, Weirdness & Mutations

You regenerate a little health from kills.
You are partially covered in sharp spines.


Message History

The gnoll hits you from afar with a +0 spear.
You are held in a net!
You are held in a net!
You struggle against the net.
The gnoll hits you from afar with a +0 spear.
You tear a large gash into the net.
The gnoll hits you but does no damage.
You rip the net and break free!
The gnoll throws a throwing net.
The throwing net closely misses you.
The gnoll is no longer more vulnerable to fire.
The gnoll closely misses you. The gnoll hits you with a +0 spear.
You see here a +0 whip.
Unknown command.
You hit the gnoll.
The gnoll is severely wounded.
The gnoll hits you from afar with a +0 spear.
The gnoll hits you but does no damage.
You hit the gnoll but do no damage. Lightning courses through the gnoll!
You kill the gnoll!
The gnoll hits you from afar with a +0 spear!
Your Spellcasting skill increases to level 3!
You hit the gnoll.
The gnoll is lightly wounded.
The gnoll hits you from afar with a +0 spear.
Unknown command.
You hit the gnoll.
The gnoll is lightly wounded.
The gnoll is struck by your spines. The gnoll hits you with a +0 club.
The gnoll hits you but does no damage. The gnoll hits you with a +0 club.
* * * LOW HITPOINT WARNING * * *
You barely miss the gnoll.
The gnoll is lightly wounded.
The gnoll is struck by your spines. The gnoll hits you with a +0 club.
* * * LOW HITPOINT WARNING * * *
The gnoll closely misses you. The gnoll is struck by your spines.
The gnoll hits you but does no damage.
You closely miss the gnoll.
The gnoll is moderately wounded.
The gnoll is struck by your spines. The gnoll hits you but does no damage.
The gnoll hits you from afar with a +0 spear.
You die...

##### #$$$###############
#$$$#..............
$gg#..............
#g##..............
#@g....########... #...)..#
#... #.....)########...
##)##..............
#...#.....)........
#≈≈≈≈≈≈≈≈≈#...#..............
#≈≈≈≈≈≈≈≈≈#.(.###############
#≈≈≈≈≈≈≈≈≈#####≈≈≈≈≈≈≈≈≈≈≈≈≈≈
#≈≈≈≈≈≈≈≈≈≈≈≈≈~≈≈≈≈≈≈≈≈≈≈≈≈~≈


You could see 3 gnolls and a hobgoblin.

Vanquished Creatures
  7 gnolls
  3 dart slugs
  2 ribbon worms
  3 ball pythons
  4 endoplasms
  18 goblins
  10 hobgoblins
  3 jackals (D:1)
  3 quokkas (D:1)
  6 bats
  6 frilled lizards
  13 kobolds
  10 rats
88 creatures vanquished.

Vanquished Creatures (others)
  187 foxfires
187 creatures vanquished.

Grand Total: 275 creatures vanquished

Notes
Turn   | Place    | Note
-------+----------+-------------------------------------------
     0 | D:1      | Atlas the Demonspawn Fire Elementalist began the quest for
                  | the Orb.
     0 | D:1      | Reached XP level 1. HP: 13/13 MP: 3/3
   300 | D:1      | Gained mutation: You are partially covered in sharp spines.
                  | [demonic ancestry]
   300 | D:1      | Reached XP level 2. HP: 19/19 MP: 0/5
   379 | D:1      | Learned a level 2 spell: Scorch
   926 | D:1      | Gained mutation: You regenerate a little health from kills.
                  | [demonic ancestry]
   926 | D:1      | Reached XP level 3. HP: 24/24 MP: 2/6
  1877 | D:2      | Found a faded altar of an unknown god.
  2555 | D:2      | Reached XP level 4. HP: 30/30 MP: 4/8
  2708 | D:2      | Reached skill level 1 in Armour
  3027 | D:3      | Found a burning altar of Makhleb.
  3027 | D:3      | Noticed a balrug
  3030 | D:3      | Noticed an orange demon
  3030 | D:3      | Noticed an orange demon
  3328 | D:3      | Learned a level 4 spell: Flame Wave
  3455 | D:3      | Reached XP level 5. HP: 32/35 MP: 4/9
  3522 | D:3      | Slain by a gnoll

Illustrated notes

Levels and vault maps discovered:
D:1:      erik_arrival_cave_to_civilisation [erik_arrival_cave_to_hall],
          layout_basic, lexackson_kobold_supper
D:2:      layout_loops_ring, basic_ecumenical_altar
D:3:      minmay_goblin_kobold_castle, layout_basic, makhleb_altar_promises_db

Skill      XL: |  1  2  3  4  5 |
---------------+----------------+-----
Fire Magic     | 3 |  3.9
Dodging        | 2 |  2.1
Armour         | 1 |  1.2
Stealth        | 2 |  2.0
Conjurations   | 2 |  2.0
Spellcasting   | 3 |  3.0
Unarmed Combat | |  0.1

Action                     |  1- 3 |  4- 6 || total
---------------------------+-------+-------++-------
  Melee: Unarmed           |    21 |       ||    21
         Short sword       |     7 |       ||     7
         Whip              |       |     7 ||     7
   Cast: Foxfire           |    46 |    56 ||   102
         Scorch            |    16 |    14 ||    30
 Armour: Quicksilver drago |    32 |    29 ||    61
  Dodge: Dodged            |    33 |    19 ||    52

Table legend: (Time is in decaauts)
 A = Elapsed time spent in this place.
 B = Non-inter-level travel time spent in this place.
 C = Inter-level travel time spent in this place.
 D = Time resting spent in this place.
 E = Time spent auto-exploring this place.
 F = Levels seen in this place.
 G = Mean time per level.
                   A        B        C        D        E       F      G
               +--------+--------+--------+--------+--------+-----+--------+
         Total |   3521 |   3424 |     97 |    162 |   2726 |   3 | 1173.7 |
       Dungeon |   3521 |   3424 |     97 |    162 |   2726 |   3 | 1173.7 |
               +--------+--------+--------+--------+--------+-----+--------+

Top non-repeatable levels by time:
     D:1: 1970 daAuts
     D:2: 874 daAuts
     D:3: 677 daAuts
